riotbit, chaotic male human Monk ------- ----------------- |.....| |.....|.........| |.---.--- |.|.-.|.|.---.|.| |.|.|...| |.|.....|.....|.| | |.|.|.-.| ---.|.----------|.| |.....|...| |...|...|.| ....|.| -----------.|.----- |.-----.|.| ..^@-.| |.....*...|.|.....| |...|...|.| .**.|.| |.......*.|.|----.|------.---.------|.| +^...<%...-.|...|.|.......|.....|...|.| |.[...[...|.|.--|.|.|.-----.-----.|.|.| |^%.....*.|...| |...|.. |...|.....|...| --------------- |...|-- ---.|.--------| |...| |.....| |...| |...| -----.---.--- |...| |.......| --- --------- riotbit the Initiate Experience level: 9 Strength: 18/03 Dexterity: 14 Constitution: 10 Intelligence: 5 Wisdom: 15 Charisma: 10 Health: 69(69) Energy: 55(55) Def: 7 Gold: 128 Moves: 6572 Dungeon seed: lxZEN-AnycqEq_vU Game ID: riotbit_1449660576 Your Inventory: Coins $ - 128 gold pieces Armor e - an uncursed +2 pair of leather gloves (being worn) y - an uncursed +0 dwarvish iron helm (being worn) z - an uncursed +0 pair of iron shoes (being worn) Comestibles b - an uncursed food ration h - 3 uncursed fortune cookies i - an uncursed cram ration D - an uncursed partly eaten orange G - an uncursed partly eaten orange J - an uncursed pancake Q - an uncursed lembas wafer X - an uncursed tripe ration Scrolls f - a cursed scroll of create monster g - a blessed scroll of teleportation k - an uncursed scroll of amnesia l - a blessed scroll of create monster K - an uncursed scroll of create monster N - a cursed scroll of fire S - an uncursed scroll of teleportation T - 2 uncursed scrolls of earth W - an uncursed scroll of identify Spellbooks a - a blessed spellbook of sleep d - an uncursed spellbook of light O - an uncursed spellbook of cure sickness P - an uncursed spellbook of cure blindness Potions c - 4 uncursed potions of healing t - an uncursed potion of acid u - an uncursed potion of gain ability I - an uncursed potion of see invisible R - a cursed potion of gain energy Z - an uncursed potion of gain ability Rings j - a cursed -1 ring of increase accuracy (on left hand) w - a cursed ring of slow digestion M - an uncursed ring of regeneration (on right hand) V - an uncursed ring of levitation Wands p - a wand of teleportation named vanishes? (0:6) r - a wand of lightning (0:7) U - a wand of polymorph (0:4) Tools o - 17 uncursed tallow candles (0:200) s - 7 uncursed wax candles (0:400) v - a magic marker (0:98) x - a blessed tallow candle (0:200) A - an uncursed sack C - an expensive camera (0:89) E - an uncursed magic whistle F - an uncursed magic lamp (lit) H - a cursed tallow candle (0:200) L - an uncursed sack Contents of the sack: a blessed potion of acid Spells and supernatural/magical abilities: Name Level Category Fail Memory z - sleep 1 enchantment 74% 68% B - cure blindness 2 healing 58% 93% K - cure sickness 3 healing 63% 81% W - pray for help -- divine ? -- Your skills at the end: Fighting Skills martial arts [Expert] Weapon Skills Spellcasting Skills healing spells [Basic] Final Attributes: You were piously aligned. You were sleep resistant. You were poison resistant. You saw invisible. You were warned. You had automatic searching. You were stealthy. You had a -1 penalty to hit. You regenerated. You are dead. Vanquished creatures: a vampire a mind flayer a baby purple worm a small mimic a large dog a freezing sphere 3 dwarf kings a human mummy 2 giant beetles a cockatrice a wolf 3 winter wolf cubs a spotted jelly 3 giant spiders a gnome king an orc mummy a brown pudding a gold golem 2 lizards a dingo 2 housecats a jaguar a dust vortex a gnome mummy a fire ant 5 Uruk-hai a rock mole a pony 2 yellow lights 3 shriekers a violet fungus 12 gnome lords 4 gnomish wizards an elf zombie a straw golem a baby crocodile a giant ant a little dog 17 dwarves a kobold lord 2 rothes a giant bat 10 orc zombies 3 iguanas 6 killer bees an acid blob 4 coyotes a gas spore 6 hobbits 4 manes a hobgoblin a giant rat a cave spider 3 brown molds a yellow mold a red mold 59 gnomes 2 gnome zombies 4 geckos 10 jackals 4 foxes a kobold 4 goblins 5 grid bugs 3 lichens 2 kobold zombies 4 newts 230 creatures vanquished. Voluntary challenges: You were vegetarian. You had followed a strict vegan diet until turn 5238. You never hit with a wielded weapon. You read items or engraved 15 times, starting on turn 1072. You never genocided any monsters. You never polymorphed an object. You changed form 1 time, starting on turn 5770. You used no wishes. You never split a pudding. You wrote Elbereth's name 2 times, starting on turn 1072. You never violated your personal moral code. Dungeon overview: The Dungeons of Doom: levels 1 to 6 Level 1 a fountain a long staircase Level 2 some fountains Level 3 a fountain stairs to The Gnomish Mines Level 4 Level 5 many fountains Level 6 an altar to Shan Lai Ching stairs to Sokoban The Gnomish Mines: levels 4 to 12 Level 4 stairs to The Dungeons of Doom Level 5 Level 6 many shops, a temple to Shan Lai Ching, some fountains Level 7 Level 8 Level 9 Level 10 Level 11 Level 12 <- You were here Sokoban: levels 4 to 5 Level 4 Level 5 stairs to The Dungeons of Doom History has recorded: On T:1 you entered the Dungeons of Doom to retrieve the Amulet of Yendor! On T:291 you reached level 2 of The Dungeons of Doom. On T:638 you reached level 3 of The Dungeons of Doom. On T:708 you advanced to experience level 2. On T:859 you reached level 1 of The Gnomish Mines. On T:925 you advanced to experience level 3. On T:997 you advanced to experience level 4. On T:1269 you reached level 2 of The Gnomish Mines. On T:1270 you advanced to experience level 5. On T:1547 you advanced to experience level 6. On T:1588 you reached level 3 of The Gnomish Mines. On T:2148 you reached level 4 of The Dungeons of Doom. On T:2354 you reached level 5 of The Dungeons of Doom. On T:2653 you reached level 6 of The Dungeons of Doom. On T:2880 you reached level 4 of Sokoban. On T:3159 you reached level 3 of Sokoban. On T:3338 you advanced to experience level 7. On T:3819 you reached level 4 of The Gnomish Mines. On T:4135 you reached level 5 of The Gnomish Mines. On T:4424 you reached level 6 of The Gnomish Mines. On T:4446 you advanced to experience level 8. On T:4725 you reached level 7 of The Gnomish Mines. On T:5694 you reached level 8 of The Gnomish Mines. On T:6111 you advanced to experience level 9. On T:6195 you reached level 9 of The Gnomish Mines. Score breakdown: Gold: 128 ( 7179 points) Experience: 9 levels (15756 points) Exploration: 12 levels ( 24.00%) (14214 points) Discoveries: 5 items ( 1.79%) ( 4008 points) Valuables value: (no points given unless you survive) Artifact value: 0 ( 0 points) Variety of kills: 67 monsters ( 17.59%) (12580 points) Turncount: 6572 turns (-1758 points) Survival: died (score multiplied by 80%) Total score: 41583 Latest messages: E - an uncursed whistle. There is a black flash as a candle hits the altar. A bag lands on the altar. Your limbs have turned to stone. You have turned to stone. You are a statue. The sack is empty. The sack is empty. Final status: Goodbye riotbit the Monk, petrified by a cockatrice, while unable to move due to turning to stone... You turned to stone in The Gnomish Mines on dungeon level 12 with 41583 points, and 128 pieces of gold, after 6572 moves. You were level 9 with a maximum of 69 hit points when you turned to stone.